TOP OF THE 1ST |
Buffalo Bisons batting - Pitching for Pawtucket Red Sox : RHP Jon Mercado
|
Pitching: RHP Jon Mercado
|
|
Batting: SHB Spencer Jones
|
0-0: Foul Ball, location: 2F 0-1: Called Strike 0-2: Strikes out looking
|
Batting: RHB Pedro Nin
|
0-0: Ball 1-0: Ball 2-0: Called Strike 2-1: Ball 3-1: Base on Balls
|
Batting: LHB Cody Schumacher
|
0-0: Ball 1-0: Ball Pedro Nin steals 2nd base 2-0: Ball 3-0: Called Strike 3-1: Foul Ball, location: 2F 3-2: Base on Balls
|
Batting: RHB Danny Burnside
|
0-0: Ball 1-0: Ball 2-0: Ball 3-0: Called Strike 3-1: SINGLE (Flyball, 8RS, EV 90.6 MPH) Pedro Nin to third Cody Schumacher to second Runner from 3rd tries for Home, SAFE, throw by CF to home Cody Schumacher to third Danny Burnside to second
|
Batting: LHB Tso-lin Fen
|
0-0: Ball 1-0: Ball 2-0: Foul Ball, location: 2F 2-1: Called Strike 2-2: Foul Ball, location: 2F 2-2: Strikes out looking
|
Batting: RHB Alex Ramos
|
0-0: Ball 1-0: Ball 2-0: Foul Ball, location: 2F 2-1: Ball 3-1: Foul Ball, location: 2F 3-2: Strikes out swinging
|
Top of the 1st over - 1 run, 1 hit, 0 errors, 2 left on base; Buffalo 1 - Pawtucket 0 |
BOTTOM OF THE 1ST |
Pawtucket Red Sox batting - Pitching for Buffalo Bisons : LHP Jon Sosa
|
Pitching: LHP Jon Sosa
|
|
Batting: RHB Theo van Gent
|
0-0: Foul Ball, location: 2F 0-1: Called Strike 0-2: Strikes out swinging
|
Batting: RHB Nate Dickinson
|
0-0: Called Strike 0-1: Swinging Strike 0-2: Ball 1-2: Ball 2-2: DOUBLE (Groundball, 5L, EV 105.0 MPH)
|
Batting: LHB Jarrett Mordecai
|
0-0: Called Strike Nate Dickinson steals 3rd base 0-1: SINGLE (Line Drive, 8LS, EV 105.6 MPH) Nate Dickinson scores
|
Batting: RHB Devon Fourcade
|
0-0: Ground out 5-3 (Groundball, 5S, EV 68.8 MPH) Jarrett Mordecai to second
|
Batting: RHB Ernie Genier
|
0-0: Ball 1-0: Ball 2-0: Ball 3-0: Base on Balls
|
Batting: RHB Dan Friess
|
0-0: Ball 1-0: Ball 2-0: Swinging Strike 2-1: Foul Ball, location: 2F 2-2: Ground out U3 (Groundball, 23, EV 86.9 MPH)
|
Bottom of the 1st over - 1 run, 2 hits, 0 errors, 2 left on base; Buffalo 1 - Pawtucket 1 |
TOP OF THE 2ND |
Buffalo Bisons batting - Pitching for Pawtucket Red Sox : RHP Jon Mercado
|
Batting: RHB Abel Surraca
|
0-0: Ball 1-0: Foul Ball, location: 2F 1-1: Ball 2-1: Ground out 4-3 (Groundball, 4M, EV 100.6 MPH)
|
Batting: RHB Justin Ganey
|
0-0: SINGLE (Flyball, 56D, EV 98.8 MPH)
|
Batting: RHB Kirk Seiffert
|
0-0: Called Strike 0-1: Ball 1-1: Swinging Strike 1-2: Fielders Choice at 2nd, U6 (Groundball, 4M, EV 105.0 MPH)
|
Batting: SHB Spencer Jones
|
0-0: Ball Kirk Seiffert steals 2nd, throwing error, E2 Kirk Seiffert to third 1-0: Ground out 5-3 (Groundball, 56S, EV 91.9 MPH)
|
Top of the 2nd over - 0 runs, 1 hit, 1 error, 1 left on base; Buffalo 1 - Pawtucket 1 |
BOTTOM OF THE 2ND |
Pawtucket Red Sox batting - Pitching for Buffalo Bisons : LHP Jon Sosa
|
Batting: LHB Dave Reyes
|
0-0: Ball 1-0: Called Strike 1-1: Ball 2-1: Ball 3-1: Foul Ball, location: 2F 3-2: Foul Ball, location: 2F 3-2: Ground out 3-1 (Groundball, 34, EV 106.9 MPH)
|
Batting: RHB Ken Jenkins
|
0-0: Called Strike 0-1: Ball 1-1: Foul Ball, location: 2F 1-2: Strikes out looking
|
Batting: SHB Gus Cruz
|
0-0: Ground out 4-3 (Groundball, 4, EV 103.8 MPH)
|
Bottom of the 2nd over - 0 runs, 0 hits, 0 errors, 0 left on base; Buffalo 1 - Pawtucket 1 |
TOP OF THE 3RD |
Buffalo Bisons batting - Pitching for Pawtucket Red Sox : RHP Jon Mercado
|
Batting: RHB Pedro Nin
|
0-0: Ball 1-0: Foul Ball, location: 2F 1-1: Foul Ball, location: 2F 1-2: Ball 2-2: Ball 3-2: SOLO HOME RUN (Flyball, 78XD, EV 110.6 MPH), Distance : 421 ft
|
Batting: LHB Cody Schumacher
|
0-0: Ball 1-0: Ball 2-0: Called Strike 2-1: Swinging Strike 2-2: Ball 3-2: Foul Ball, location: 2F 3-2: Base on Balls
|
Batting: RHB Danny Burnside
|
0-0: Ball Cody Schumacher is caught stealing 2nd base 2-4 1-0: Swinging Strike 1-1: Swinging Strike 1-2: Ground out 2-3 (Groundball, 2L, EV 73.1 MPH)
|
Batting: LHB Tso-lin Fen
|
0-0: Called Strike 0-1: Ball 1-1: Ball 2-1: Ground out 4-3 (Groundball, 4, EV 85.6 MPH)
|
Top of the 3rd over - 1 run, 1 hit, 0 errors, 0 left on base; Buffalo 2 - Pawtucket 1 |
BOTTOM OF THE 3RD |
Pawtucket Red Sox batting - Pitching for Buffalo Bisons : LHP Jon Sosa
|
Batting: RHB Theo van Gent
|
0-0: Ball 1-0: Swinging Strike 1-1: Ball 2-1: Ball 3-1: Called Strike 3-2: Base on Balls
|
Batting: RHB Nate Dickinson
|
0-0: Ball 1-0: Called Strike 1-1: Swinging Strike 1-2: Fly out, F9 (Flyball, 9LD, EV 85.0 MPH)
|
Batting: LHB Jarrett Mordecai
|
0-0: Foul Ball, location: 2F 0-1: Called Strike 0-2: Grounds into double play, 4-6-3 (Groundball, 4, EV 87.5 MPH)
|
Bottom of the 3rd over - 0 runs, 0 hits, 0 errors, 0 left on base; Buffalo 2 - Pawtucket 1 |
TOP OF THE 4TH |
Buffalo Bisons batting - Pitching for Pawtucket Red Sox : RHP Jon Mercado
|
Batting: RHB Alex Ramos
|
0-0: Swinging Strike 0-1: Ball 1-1: Ball 2-1: Ball 3-1: Foul Ball, location: 2F 3-2: Base on Balls
|
Batting: RHB Abel Surraca
|
0-0: Ball 1-0: Ball 2-0: Swinging Strike 2-1: Fly out, F8 (Flyball, 8LXD, EV 89.4 MPH) Runner from 1st tags up, SAFE at 2nd
|
Batting: RHB Justin Ganey
|
0-0: Ball 1-0: Ball 2-0: Called Strike 2-1: Foul Ball, location: 2F 2-2: Ball 3-2: Strikes out looking
|
Batting: RHB Kirk Seiffert
|
0-0: Ball 1-0: Called Strike 1-1: Ball 2-1: Swinging Strike 2-2: Ball 3-2: Foul Ball, location: 2F 3-2: Ground out 6-3 (Groundball, 6, EV 91.2 MPH)
|
Top of the 4th over - 0 runs, 0 hits, 0 errors, 1 left on base; Buffalo 2 - Pawtucket 1 |
BOTTOM OF THE 4TH |
Pawtucket Red Sox batting - Pitching for Buffalo Bisons : LHP Jon Sosa
|
Batting: RHB Devon Fourcade
|
0-0: Foul Ball, location: 2F 0-1: Ball 1-1: Called Strike 1-2: Strikes out swinging
|
Batting: RHB Ernie Genier
|
0-0: Called Strike 0-1: Reached on error, E5 (Groundball, 5S, EV 80.6 MPH)
|
Batting: RHB Dan Friess
|
0-0: Ball 1-0: Ball 2-0: Ball 3-0: Called Strike 3-1: SINGLE (Line Drive, 7S, EV 93.1 MPH) Ernie Genier to second
|
Batting: LHB Dave Reyes
|
0-0: Foul Ball, location: 2F 0-1: Foul Ball, location: 2F 0-2: Strikes out looking
|
Batting: RHB Ken Jenkins
|
0-0: Called Strike 0-1: Ball 1-1: Ball 2-1: Foul Ball, location: 2F 2-2: Strikes out swinging
|
Bottom of the 4th over - 0 runs, 1 hit, 1 error, 2 left on base; Buffalo 2 - Pawtucket 1 |
TOP OF THE 5TH |
Buffalo Bisons batting - Pitching for Pawtucket Red Sox : RHP Jon Mercado
|
Batting: SHB Spencer Jones
|
0-0: Called Strike 0-1: Ball 1-1: Called Strike 1-2: Strikes out looking
|
Batting: RHB Pedro Nin
|
0-0: Ball 1-0: Ball 2-0: Called Strike 2-1: Bunt missed! 2-2: Ball 3-2: Base on Balls
|
Batting: LHB Cody Schumacher
|
0-0: Called Strike Pedro Nin steals 2nd base 0-1: Ground out 4-3 (Groundball, 4, EV 81.9 MPH) Pedro Nin to third
|
Pitching: RHP Roger Warren
|
|
Batting: RHB Danny Burnside
|
0-0: Called Strike 0-1: Ball 1-1: Foul Ball, location: 2F 1-2: Ball 2-2: Foul Ball, location: 2F 2-2: Ball Wild Pitch! Pedro Nin scores 3-2: Foul Ball, location: 2F 3-2: Foul Ball, location: 2F 3-2: Foul Ball, location: 2F 3-2: Base on Balls
|
Batting: LHB Tso-lin Fen
|
0-0: Ball Danny Burnside steals 2nd base 1-0: Foul Ball, location: 2F 1-1: Ball 2-1: Called Strike 2-2: SINGLE (Groundball, 4S, EV 65.6 MPH) (infield hit) Danny Burnside to third
|
Batting: RHB Alex Ramos
|
0-0: Ball 1-0: Foul Ball, location: 2F 1-1: Ball 2-1: Called Strike 2-2: SINGLE (Line Drive, 7S, EV 98.1 MPH) Danny Burnside scores Tso-lin Fen to second
|
Batting: RHB Abel Surraca
|
0-0: Fly out, F3 (Line Drive, 3, EV 67.5 MPH)
|
Top of the 5th over - 2 runs, 2 hits, 0 errors, 2 left on base; Buffalo 4 - Pawtucket 1 |
BOTTOM OF THE 5TH |
Pawtucket Red Sox batting - Pitching for Buffalo Bisons : LHP Jon Sosa
|
Batting: SHB Gus Cruz
|
0-0: Called Strike 0-1: Ball 1-1: Ball 2-1: SINGLE (Line Drive, 4D, EV 97.5 MPH)
|
Batting: RHB Theo van Gent
|
0-0: Grounds into double play, 5-4-3 (Groundball, 56, EV 85.6 MPH)
|
Batting: RHB Nate Dickinson
|
0-0: Ball 1-0: Fly out, F8 (Flyball, 8RD, EV 95.0 MPH)
|
Bottom of the 5th over - 0 runs, 1 hit, 0 errors, 0 left on base; Buffalo 4 - Pawtucket 1 |
TOP OF THE 6TH |
Buffalo Bisons batting - Pitching for Pawtucket Red Sox : RHP Roger Warren
|
Batting: RHB Justin Ganey
|
0-0: Ball 1-0: Ball 2-0: Called Strike 2-1: Foul Ball, location: 2F 2-2: Ball 3-2: Ground out 4-3 (Groundball, 4, EV 110.0 MPH)
|
Batting: RHB Kirk Seiffert
|
0-0: Called Strike 0-1: Fly out, F9 (Flyball, 89D, EV 93.1 MPH)
|
Batting: SHB Spencer Jones
|
0-0: Called Strike 0-1: Called Strike 0-2: Foul Ball, location: 2F 0-2: Foul Ball, location: 2F 0-2: Strikes out swinging
|
Top of the 6th over - 0 runs, 0 hits, 0 errors, 0 left on base; Buffalo 4 - Pawtucket 1 |
BOTTOM OF THE 6TH |
Pawtucket Red Sox batting - Pitching for Buffalo Bisons : LHP Jon Sosa
|
Batting: LHB Jarrett Mordecai
|
0-0: Foul Ball, location: 2F 0-1: Fly out, F9 (Flyball, 89S, EV 93.8 MPH)
|
Batting: RHB Devon Fourcade
|
0-0: Ball 1-0: Called Strike 1-1: Swinging Strike 1-2: Foul Ball, location: 2F 1-2: Fly out, F7 (Flyball, 78M, EV 88.1 MPH)
|
Batting: RHB Ernie Genier
|
0-0: SINGLE (Groundball, 4D, EV 98.1 MPH)
|
Batting: RHB Dan Friess
|
0-0: Called Strike 0-1: Called Strike 0-2: Strikes out swinging
|
Bottom of the 6th over - 0 runs, 1 hit, 0 errors, 1 left on base; Buffalo 4 - Pawtucket 1 |
TOP OF THE 7TH |
Buffalo Bisons batting - Pitching for Pawtucket Red Sox : RHP Roger Warren
|
Pitching: RHP Josh Weiser
|
|
Batting: RHB Pedro Nin
|
0-0: Ground out 5-3 (Groundball, 56S, EV 65.6 MPH)
|
Batting: LHB Cody Schumacher
|
0-0: Ball 1-0: Ball 2-0: Ball 3-0: Base on Balls
|
Batting: RHB Danny Burnside
|
0-0: Ball Cody Schumacher steals 2nd base 1-0: Ball 2-0: Ball 3-0: Called Strike 3-1: Base on Balls
|
Batting: LHB Tso-lin Fen
|
0-0: Called Strike Cody Schumacher steals 3rd base 0-1: Fly out, F7 (Flyball, 7, EV 91.2 MPH) Runner from 3rd tags up, SCORES, throw by LF
|
Batting: RHB Alex Ramos
|
0-0: Ball Danny Burnside steals 2nd base (no throw) 1-0: Swinging Strike 1-1: Fly out, F6 (Popup, 5D, EV 58.1 MPH)
|
Top of the 7th over - 1 run, 0 hits, 0 errors, 1 left on base; Buffalo 5 - Pawtucket 1 |
BOTTOM OF THE 7TH |
Pawtucket Red Sox batting - Pitching for Buffalo Bisons : LHP Jon Sosa
|
Now in RF: Timo Gomez
|
|
Batting: LHB Dave Reyes
|
0-0: Called Strike 0-1: Ground out 5-3 (Groundball, 56, EV 107.5 MPH)
|
Batting: RHB Ken Jenkins
|
0-0: Swinging Strike 0-1: Called Strike 0-2: Foul Ball, location: 2F 0-2: SOLO HOME RUN (Flyball, 7D, EV 91.2 MPH), Distance : 354 ft
|
Batting: SHB Gus Cruz
|
0-0: Ball 1-0: Swinging Strike 1-1: Foul Ball, location: 2F 1-2: Ball 2-2: Foul Ball, location: 2F 2-2: Ball 3-2: Foul Ball, location: 2F 3-2: Ground out 6-3 (Groundball, 6MD, EV 103.8 MPH)
|
Batting: RHB Theo van Gent
|
0-0: Ball 1-0: Ball 2-0: Ball 3-0: Base on Balls
|
Batting: RHB Nate Dickinson
|
0-0: Ball 1-0: Called Strike Theo van Gent steals 2nd base 1-1: Ball 2-1: Ground out 6-3 (Groundball, 56D, EV 98.1 MPH)
|
Bottom of the 7th over - 1 run, 1 hit, 0 errors, 1 left on base; Buffalo 5 - Pawtucket 2 |
TOP OF THE 8TH |
Buffalo Bisons batting - Pitching for Pawtucket Red Sox : RHP Josh Weiser
|
Batting: RHB Abel Surraca
|
0-0: Called Strike 0-1: Ground out 5-3 (Groundball, 56S, EV 85.6 MPH)
|
Batting: RHB Justin Ganey
|
0-0: Called Strike 0-1: SINGLE (Flyball, 8RS, EV 91.9 MPH)
|
Batting: RHB Kirk Seiffert
|
0-0: Ball 1-0: Ball 2-0: Foul Ball, location: 2F 2-1: SINGLE (Groundball, 34D, EV 106.9 MPH) Justin Ganey to second Runner from 2nd tries for 3rd, SAFE, throw by RF made at trailing runner, OUT! 9-6
|
Batting: SHB Spencer Jones
|
0-0: Called Strike 0-1: Ball 1-1: Ground out 6-3 (Groundball, 4M, EV 85.0 MPH)
|
Top of the 8th over - 0 runs, 2 hits, 0 errors, 1 left on base; Buffalo 5 - Pawtucket 2 |
BOTTOM OF THE 8TH |
Pawtucket Red Sox batting - Pitching for Buffalo Bisons : LHP Jon Sosa
|
Pitching: RHP Gabe Nalley
|
|
Batting: LHB Jarrett Mordecai
|
0-0: Called Strike 0-1: Fly out, F7 (Line Drive, 7S, EV 85.6 MPH)
|
Batting: RHB Devon Fourcade
|
0-0: Called Strike 0-1: Called Strike 0-2: Strikes out swinging
|
Batting: RHB Ernie Genier
|
0-0: Ball 1-0: Swinging Strike 1-1: Foul Ball, location: 2F 1-2: Ball 2-2: Ball 3-2: Ground out 6-3 (Groundball, 6D, EV 95.0 MPH)
|
Bottom of the 8th over - 0 runs, 0 hits, 0 errors, 0 left on base; Buffalo 5 - Pawtucket 2 |
TOP OF THE 9TH |
Buffalo Bisons batting - Pitching for Pawtucket Red Sox : RHP Josh Weiser
|
Pitching: LHP Ken Intagliata
|
|
Batting: RHB Pedro Nin
|
0-0: Ball 1-0: Foul Ball, location: 2F 1-1: Foul Ball, location: 2F 1-2: Ball 2-2: Foul Ball, location: 2F 2-2: Ground out 1-3 (Groundball, 15S, EV 64.4 MPH)
|
Batting: LHB Timo Gomez
|
0-0: Called Strike 0-1: Ball 1-1: Foul Ball, location: 2F 1-2: SINGLE (Line Drive, 7S, EV 92.5 MPH)
|
Batting: RHB Danny Burnside
|
0-0: Ball 1-0: Called Strike 1-1: Ball 2-1: Ball 3-1: Fielders Choice at 2nd, 6-4 (Groundball, 6, EV 98.1 MPH)
|
Batting: LHB Tso-lin Fen
|
0-0: Foul Ball, location: 2F 0-1: Called Strike 0-2: Ball 1-2: Foul Ball, location: 2F 1-2: Fly out, F1 (Line Drive, P, EV 71.2 MPH)
|
Top of the 9th over - 0 runs, 1 hit, 0 errors, 1 left on base; Buffalo 5 - Pawtucket 2 |
BOTTOM OF THE 9TH |
Pawtucket Red Sox batting - Pitching for Buffalo Bisons : RHP Gabe Nalley
|
Batting: RHB Dan Friess
|
0-0: Foul Ball, location: 2F 0-1: Ball 1-1: Ground out 4-3 (Groundball, 4, EV 87.5 MPH)
|
Batting: LHB Dave Reyes
|
0-0: Swinging Strike 0-1: Ground out 5-3 (Groundball, 56S, EV 75.6 MPH)
|
Batting: RHB Ken Jenkins
|
0-0: DOUBLE (Line Drive, 7LD, EV 107.5 MPH)
|
Batting: SHB Gus Cruz
|
0-0: Foul Ball, location: 2F 0-1: Ball 1-1: DOUBLE (Line Drive, 7LS, EV 98.8 MPH) Ken Jenkins scores
|
Batting: RHB Theo van Gent
|
0-0: Ball 1-0: Ball 2-0: Ball 3-0: Called Strike 3-1: SINGLE (Groundball, 6MD, EV 95.0 MPH) Gus Cruz to third
|
Batting: RHB Nate Dickinson
|
0-0: Ball 1-0: Called Strike 1-1: Ground out 6-3 (Groundball, 6S, EV 72.5 MPH)
|
Bottom of the 9th over - 1 run, 3 hits, 0 errors, 2 left on base; Buffalo 5 - Pawtucket 3 |
|